 Dungeon Crawl Stone Soup version 0.27.1-15-g792fb953b9 (webtiles) character file.

Game seed: 6096187237659159298

5345 DenSaoPin the Slicer (level 10, -1/83 HPs)
             Began as a Hill Orc Monk on Nov 19, 2021.
             Slain by a killer bee (5 damage)
             ... on level 10 of the Dungeon.
             The game lasted 00:34:42 (11250 turns).

DenSaoPin the Slicer (Hill Orc Monk)               Turns: 11250, Time: 00:34:43

Health: -1/83      AC: 10    Str: 18    XL:     10   Next: 65%
Magic:  10/10      EV: 11    Int: 12    God:
Gold:   676        SH:  6    Dex: 13    Spells: 9/9 levels left

rFire    + . .     SeeInvis .   q - +11 short sword "Vesk" {drain, +Blink Int+2 Stlth+}
rCold    . . .     Faith    .   y - +0 buckler
rNeg     . . .     Spirit   .   K - +2 ring mail {rF+}
rPois    +         Reflect  .   (no helmet)
rElec    .         Harm     .   (no cloak)
rCorr    .         Rampage  .   (no gloves)
Will     .....                  d - +0 pair of boots
Stlth    ++........             (no amulet)
HPRegen  0.23/turn              A - ring of poison resistance
MPRegen  0.12/turn              (no ring)

@: lethally poisoned (-1 -> -6)
A: no striking features
a: Evoke Blink


You were on level 10 of the Dungeon.
You visited 1 branch of the dungeon, and saw 10 of its levels.

You collected 676 gold pieces.

Inventory:

Hand Weapons
 a - a +0 hand axe
 f - a +2 spear of freezing
 i - a +0 morningstar
 q - the +11 short sword "Vesk" (weapon) {drain, +Blink Int+2 Stlth+}
   (You found it on level 5 of the Dungeon)

   A truly terrible weapon, it drains the life of any living foe it strikes.
   Int:       It affects your intelligence (+2).
   +Blink:    It lets you blink.
   Stlth:     It makes you more stealthy.
 r - a +1 shortbow of flaming
 B - a +3 dire flail
 C - a +0 war axe
 D - a +0 halberd
 E - a +0 spear
 N - a +1 mace of draining
 Q - a +4 dire flail
 S - a +0 halberd
Missiles
 s - 99 arrows
Armour
 b - a +0 robe
 d - a +0 pair of boots (worn)
 j - a +0 leather armour
 m - a +0 chain mail
 w - the +0 ring mail "Ricatun" {rPois rCorr Str-4}
   (You found it on level 5 of the Dungeon)

   Str:       It affects your strength (-4).
   rPois:     It protects you from poison.
   rCorr:     It protects you from acid and corrosion.
 y - a +0 buckler (worn)
 F - a +0 robe of fire resistance
 J - a +0 pair of boots
 K - a +2 ring mail of fire resistance (worn)
Jewellery
 A - a ring of poison resistance (left hand)
 P - a +4 ring of protection
 U - a ring of wizardry
Wands
 p - a wand of iceblast (15)
 t - a wand of mindburst (20)
 M - a wand of charming (7)
Scrolls
 c - 3 scrolls of holy word {unknown}
 e - 7 scrolls of identify {unknown}
 g - 3 scrolls of blinking {unknown}
 h - 6 scrolls of teleportation {unknown}
 l - 3 scrolls of magic mapping {unknown}
 o - a scroll of amnesia {unknown}
 u - a scroll of enchant armour {unknown}
 G - a scroll of fear {unknown}
 H - a scroll of fog {unknown}
 I - a scroll of vulnerability {unknown}
Potions
 k - 2 potions of degeneration
 n - 2 potions of attraction
 v - 2 potions of curing
 x - 2 potions of haste {unknown}
 z - a potion of ambrosia {unknown}
 L - a potion of heal wounds {unknown}
 R - a potion of brilliance {unknown}
 T - a potion of lignification {unknown}
Miscellaneous
 O - a phantom mirror


   Skills:
 + Level 5.9 Fighting
 * Level 8.7 Short Blades
 - Level 7.6(8.1) Axes
 - Level 3.3(5.3) Maces & Flails
 + Level 8.6 Armour
 - Level 2.4 Dodging
 - Level 1.5 Stealth
 + Level 7.7 Shields


You had 9 spell levels left.
You didn't know any spells.
Your spell library contained the following spells:

 Spells                   Type           Power      Damage    Failure   Level
 Animate Skeleton         Necr           0%         N/A       47%         1
 Apportation              Tloc           0%         N/A       47%         1
 Magic Dart               Conj           0%         1d3       47%         1
 Pain                     Necr           0%         1d4       47%         1
 Call Imp                 Summ           0%         N/A       63%         2
 Ensorcelled Hibernation  Hex/Ice        0%         N/A       63%         2
 Mephitic Cloud           Conj/Pois/Air  0%         N/A       85%         3
 Spider Form              Tmut/Pois      0%         N/A       85%         3
 Vampiric Draining        Necr           0%         2d6       85%         3
 Alistair's Intoxication  Tmut/Pois      0%         N/A       100%        5
 Invisibility             Hex            0%         N/A       100%        6
 Shadow Creatures         Summ           N/A        N/A       100%        6


Dungeon Overview and Level Annotations

Branches:
Dungeon (10/15)            Temple (0/1) D:5            Lair (0/6) D:9
    Orc: D:9-12

Altars:
Gozag

Shops:
D:4 !

Annotations:
D:9 1 runed translucent door, Sopaderocas's ghost, journeyman KoEn


Message History

The two-headed ogre is lightly wounded.
The two-headed ogre hits you with a +0 giant club!
You block the two-headed ogre's attack.
You puncture the two-headed ogre! You drain the two-headed ogre.
The two-headed ogre is heavily wounded.
You barely miss the two-headed ogre.
The two-headed ogre is heavily wounded.
You block the two-headed ogre's attack.
The two-headed ogre hits you with a +0 giant club!
You hit the two-headed ogre.
The two-headed ogre is heavily wounded.
You puncture the two-headed ogre!
The two-headed ogre is severely wounded.
The two-headed ogre hits you with a +0 giant club!! x2
* * * LOW HITPOINT WARNING * * *
You puncture the two-headed ogre! You drain the two-headed ogre.
You kill the two-headed ogre!
The killer bee stings you but does no damage.
You block the killer bee's attack.
The killer bee stings you but does no damage.
The killer bee stings you.
* * * LOW HITPOINT WARNING * * *
The killer bee stings you but does no damage.
You block the killer bee's attack. The killer bee closely misses you.
You block the killer bee's attack. You block the killer bee's attack.
The killer bee barely misses you.
The killer bee stings you but does no damage.
The killer bee misses you.
The killer bee stings you but does no damage.
The killer bee stings you but does no damage.
The killer bee stings you.
* * * LOW HITPOINT WARNING * * *
You are lethally poisoned!
The killer bee poisons you!
There is a stone staircase leading down here.
* * * LOW HITPOINT WARNING * * *
You feel sick. The killer bee closely misses you. The killer bee stings you.
You die...

#y#...# .. #o#...# .....
#.#...# ..... #o'...#
.....######## #.###+#.
...........######.......
#.........o............
#.....y.o.......#####+#
#.....@yy######## .≈ #
##.....### . #. #....##
#. #...## #.. #..##
#..########..#
#............#
###.........#
#.........#


You could see 3 killer bees and 2 orcs.

Vanquished Creatures
  A two-headed ogre (D:10)
  A deep elf zephyrmancer (D:7)
  Joseph (D:8)
  A kobold demonologist (D:9)
  A troll (D:8)
  Grinder (D:4)
  2 wyverns
  2 water moccasins
  2 orc warriors
  A sky beast (D:7)
  3 centaurs
  3 phantoms
  3 kobold brigands
  A wyvern zombie (D:7)
  5 jellies
  5 killer bees
  8 wights
  2 howler monkeys (D:6)
  4 centaur zombies
  6 hounds
  A bullfrog zombie (D:4)
  An orc priest (D:9)
  A gnoll shaman (D:6)
  Natasha (thrice) (D:2)
  2 iguanas
  8 orc wizards
  A killer bee zombie (D:7)
  A hound skeleton (D:5)
  A howler monkey zombie (D:5)
  6 gnolls
  A howler monkey skeleton (D:7)
  4 adders
  A shadow imp (D:6)
  A worm (D:3)
  2 dart slugs
  24 orcs
  6 endoplasms
  3 giant cockroaches
  8 goblins
  5 hobgoblins
  4 ball pythons
  2 bats
  2 frilled lizards
  24 kobolds
  5 rats
170 creatures vanquished.

Vanquished Creatures (others)
  An orc wizard (D:5)
  3 plants
4 creatures vanquished.

Grand Total: 174 creatures vanquished

Notes
Turn   | Place    | Note
-------+----------+-------------------------------------------
     0 | D:1      | DenSaoPin the Hill Orc Monk began the quest for the Orb.
     0 | D:1      | Reached XP level 1. HP: 19/19 MP: 1/1
   147 | D:1      | Reached skill level 1 in Armour
   147 | D:1      | Reached XP level 2. HP: 9/26 MP: 2/2
   464 | D:1      | Found a faded altar of an unknown god.
  1190 | D:2      | Reached XP level 3. HP: 31/31 MP: 3/3
  1417 | D:2      | Reached skill level 5 in Axes
  1911 | D:2      | Noticed Natasha
  1961 | D:2      | Killed Natasha
  1962 | D:2      | Reached XP level 4. HP: 30/39 MP: 4/4
  1990 | D:2      | Noticed Natasha
  2003 | D:2      | Killed Natasha
  2207 | D:2      | Reached XP level 5. HP: 45/45 MP: 5/5
  3061 | D:4      | Found Ducsisus's Distillery.
  3090 | D:4      | Noticed an ogre
  3201 | D:2      | Noticed Natasha
  3213 | D:2      | Killed Natasha
  3588 | D:4      | Noticed Grinder
  3676 | D:4      | Reached XP level 6. HP: 50/51 MP: 6/6
  3754 | D:4      | Paralysed by Grinder for 2 turns
  3764 | D:4      | Paralysed by Grinder for 2 turns
  3778 | D:4      | Killed Grinder
  3779 | D:4      | Reached skill level 5 in Armour
  4372 | D:4      | Reached XP level 7. HP: 57/57 MP: 7/7
  4469 | D:5      | Entered Level 5 of the Dungeon
  4644 | D:4      | Reached skill level 1 in Maces & Flails
  5292 | D:5      | Found a staircase to the Ecumenical Temple.
  5295 | D:5      | Identified the +11 short sword "Vesk" {drain, +Blink Int+2
                  | Stlth+}
  5321 | D:5      | Reached skill level 1 in Short Blades
  5321 | D:5      | Reached XP level 8. HP: 57/64 MP: 8/8
  5644 | D:5      | Identified the +0 ring mail "Ricatun" {rPois rCorr Str-4}
  6033 | D:6      | Reached skill level 1 in Shields
  6857 | D:6      | Found an opulent altar of Gozag.
  6866 | D:6      | Reached XP level 9. HP: 70/70 MP: 9/9
  6889 | D:6      | Reached skill level 5 in Short Blades
  7458 | D:7      | Reached skill level 5 in Shields
  8303 | D:7      | Noticed a deep elf zephyrmancer
  8717 | D:7      | Killed a deep elf zephyrmancer
  8718 | D:7      | Reached XP level 10. HP: 56/80 MP: 10/10
  9046 | D:8      | Noticed Joseph
  9486 | D:8      | Killed Joseph
 10009 | D:8      | Reached skill level 5 in Fighting
 10504 | D:9      | Noticed a kobold demonologist
 10512 | D:9      | Killed a kobold demonologist
 10799 | D:9      | Noticed Sopaderocas's ghost (journeyman KoEn)
 10802 | D:9      | Found a runed translucent door.
 10906 | D:9      | Found a staircase to the Lair.
 11131 | D:10     | Entered Level 10 of the Dungeon
 11222 | D:10     | Noticed a two-headed ogre
 11235 | D:10     | Killed a two-headed ogre
 11250 | D:10     | HP: 4/83 [poisoned by a killer bee]
 11250 | D:10     | Slain by a killer bee

Illustrated notes

Levels and vault maps discovered:
D:1:      eino_arrival_water_cross, layout_loops_ring, serial_forest,
          infiniplex_forest_lined_1, infiniplex_forest_pool,
          infiniplex_forest_lined_2, infiniplex_forest_straight_3,
          infiniplex_forest_diagonal, infiniplex_forest_clump_double,
          shapermc_ecumenical_altar_hornbeckon
D:2:      layout_loops_ring, uniq_natasha
D:3:      layout_basic
D:4:      layout_loops_ring, serial_shops, shop, portal_sewer_entry_d,
          uniq_grinder
D:5:      layout_basic, minmay_temple_entry_glassed_door
D:6:      layout_cave_pools, old_standard_altar
D:7:      layout_loops_ring, nicolae_ossuary_entry_ruins,
          guppyfry_early_elven_hall
D:8:      layout_cave_pods, nicolae_underground_beach, uniq_joseph
D:9:      layout_roguey, lair_entry_dummy, hellmonk_ghost_happy_afterlife
D:10:     cheibrodos_breeding_chamber, layout_irregular_city, serial_shops, shop

Skill      XL: |  1  2  3  4  5  6  7  8  9 10 |
---------------+-------------------------------+-----
Armour         | 1 2 3 4 5 6 7 8 |  8.6
Axes           | 5 6 7 |  7.6
Maces & Flails | 3 |  3.3
Short Blades   | 1 4 7 8 |  8.7
Shields        | 3 6 7 |  7.7
Fighting       | 4 5 |  5.9
Dodging        | |  2.4
Stealth        | |  1.5

Action                   |  1- 3 |  4- 6 |  7- 9 | 10-12 || total
-------------------------+-------+-------+-------+-------++-------
Melee: Hand axe          |    90 |   175 |    10 |       ||   275
       Morningstar       |       |       |    47 |       ||    47
       Short sword       |       |       |   238 |   105 ||   343
  Use: Potion            |       |     4 |     1 |       ||     5
 Stab: Sleeping          |     3 |       |       |       ||     3
Armor: Robe              |     8 |       |       |       ||     8
       Leather armour    |    14 |       |       |       ||    14
       Chain mail        |    15 |   103 |   174 |    17 ||   309
       Ring mail         |       |       |       |    44 ||    44
Dodge: Dodged            |    44 |    63 |    97 |    56 ||   260
Block: Buckler           |       |       |    44 |    39 ||    83
